AoeStats
← Song Jin-Woo

Arabia

510391473Analyzed
3v3 RM · 1d ago on Sep 30, 2026· 87m 29s· 6 players
Game mode
Random Map
Map size
Normal (6 player)
Population
200
Speed
Normal
Resources
Standard
Victory
Conquest
Starting age
Dark Age
Ending age
Imperial Age
RankedLock teamsTeams togetherTeam positionsShared explorationLock speedFull tech treeHidden civsTurbo modeCheats
Victory
Defeat
🇸🇮 Britons · Slovenia
1301
+15
🇸🇮 Turks · Slovenia
1273
+16
🇸🇮 Persians · Slovenia
1231
+19
🇬🇧 Ethiopians · United Kingdom
1285
-17
🇬🇧 Saxons · United Kingdom
1283
-17
🇬🇧 Persians · United Kingdom
1266
-16
Corvus
6:47 Loom
8:55 Feudal Age
9:50 Double-Bit Axe
20:19 Castle Age
18:50 Horse Collar
20:11 Bloodlines
22:15 Bow Saw
22:46 Husbandry
23:17 Scale Barding Armor
23:23 Forging
23:04 Fletching
24:24 Chain Barding Armor
27:02 Iron Casting
29:02 Bodkin Arrow
33:15 Heavy Plow
33:50 Scale Mail Armor
34:46 Wheelbarrow
36:08 Chain Mail Armor
36:07 Light Cavalry
41:22 Imperial Age
39:57 Hand Cart
42:59 Plate Barding Armor
42:45 Cavalier
44:16 Conscription
47:57 Blast Furnace
46:58 Gold Mining
46:58 Stone Mining
47:32 Heavy Camel Rider
50:42 Ballistics
51:22 Chemistry
50:22 Pikeman
50:23 Savar
51:59 Hussar
56:57 Two-Man Saw
56:30 Crop Rotation
57:00 Halberdier
57:42 Squires
57:27 Arson
57:07 Elite War Elephant
57:59 Citadels
59:42 Plate Mail Armor
64:41 Murder Holes
75:21 Caravan
Firestormhand
7:27 Loom
9:54 Feudal Age
17:37 Castle Age
16:50 Fletching
16:48 Double-Bit Axe
19:34 Wheelbarrow
22:51 Horse Collar
31:02 Heavy Plow
31:37 Bloodlines
32:39 Hand Cart
32:33 Gold Mining
34:01 Husbandry
35:01 Town Watch
35:21 Padded Archer Armor
35:28 Scale Barding Armor
37:17 Sipahi
38:34 Chain Barding Armor
38:29 Forging
38:36 Bodkin Arrow
38:58 Bow Saw
40:28 Thumb Ring
40:30 Padded Archer Armor
41:07 Iron Casting
43:17 Imperial Age
41:51 Leather Archer Armor
45:12 Plate Barding Armor
44:43 Artillery
46:08 Parthian Tactics
46:05 Conscription
46:51 Bracer
51:29 Ballistics
55:23 Blast Furnace
62:04 Ring Archer Armor
61:56 Heavy Cavalry Archer
Sistem
7:28 Loom
10:10 Feudal Age
11:14 Double-Bit Axe
15:52 Castle Age
14:59 Stone Mining
15:15 Fletching
20:11 Horse Collar
21:27 Bodkin Arrow
22:22 Padded Archer Armor
28:06 Bow Saw
29:10 Leather Archer Armor
30:33 Wheelbarrow
31:27 Ballistics
31:53 Hand Cart
34:04 Heavy Plow
35:05 Town Watch
36:33 Scale Mail Armor
39:50 Imperial Age
39:57 Yeomen
40:09 Squires
39:30 Pikeman
40:56 Bracer
42:10 Chemistry
41:20 Elite Longbowman
42:49 Gold Mining
43:48 Ring Archer Armor
44:11 Sappers
45:01 Conscription
47:35 Hoardings
46:27 Halberdier
50:19 Chain Mail Armor
50:14 Forging
52:58 Masonry
58:30 Plate Mail Armor
58:30 Arson
59:44 Iron Casting
69:39 Murder Holes
73:42 Two-Man Saw
74:02 Guilds
77:17 Elite Skirmisher
78:36 Treadmill Crane
79:26 Architecture
80:20 Blast Furnace
79:28 Siege Engineers
LordSandwich
6:56 Loom
9:20 Feudal Age
15:31 Fletching
20:58 Castle Age
19:47 Horse Collar
19:54 Double-Bit Axe
21:35 Bodkin Arrow
21:02 Crossbowman
21:57 Bow Saw
22:48 Wheelbarrow
23:53 Padded Archer Armor
30:51 Town Watch
31:09 Heavy Plow
31:51 Ballistics
37:48 Imperial Age
36:14 Gold Mining
38:38 Bracer
39:05 Arbalester
41:42 Chemistry
41:32 Leather Archer Armor
41:41 Thumb Ring
43:16 Two-Man Saw
42:34 Hand Cart
44:04 Conscription
44:25 Squires
43:45 Halberdier
44:57 Ring Archer Armor
44:28 Scale Mail Armor
45:28 Forging
47:31 Chain Mail Armor
47:35 Arson
48:26 Iron Casting
51:04 Murder Holes
51:22 Fortified Wall
51:44 Plate Mail Armor
51:19 Elite Skirmisher
53:04 Blast Furnace
53:45 Coinage
58:29 Caravan
61:57 Town Patrol
61:55 Heavy Cavalry Archer
73:20 Heavy Camel Rider
74:06 Scale Barding Armor
Song Jin-Woo
8:46 Loom
10:31 Feudal Age
18:11 Fletching
20:51 Castle Age
19:01 Horse Collar
19:08 Double-Bit Axe
19:12 Town Watch
21:39 Bodkin Arrow
21:06 Crossbowman
22:59 Thumb Ring
26:46 Padded Archer Armor
27:58 Leather Archer Armor
29:10 Elite Skirmisher
30:17 Bow Saw
33:20 Wheelbarrow
32:46 Town Patrol
33:00 Scale Mail Armor
33:33 Forging
39:34 Heavy Plow
39:46 Pikeman
41:44 Chain Mail Armor
45:11 Imperial Age
43:21 Hand Cart
44:52 Iron Casting
45:53 Elite Hearth Troop
45:57 Shield Wall
46:58 Conscription
47:53 Plate Mail Armor
49:11 Elite Varangian Guard
51:52 Bracer
52:19 Fortified Wall
54:11 Two-Man Saw
54:25 Squires
55:17 Gold Mining
59:32 Gold Shaft Mining
60:03 Caravan
62:13 Ring Archer Armor
64:13 Chemistry
65:43 Ballistics
65:35 Halberdier
SmnRndm
9:43 Feudal Age
12:03 Double-Bit Axe
13:50 Horse Collar
14:18 Loom
20:17 Wheelbarrow
23:41 Castle Age
23:09 Scale Barding Armor
23:15 Forging
23:19 Bloodlines
23:31 Gold Mining
26:13 Husbandry
26:34 Chain Barding Armor
26:47 Bow Saw
27:43 Heavy Plow
29:55 Iron Casting
36:46 Hand Cart
43:32 Imperial Age
41:22 Fletching
43:09 Cavalier
44:27 Plate Barding Armor
44:53 Blast Furnace
44:41 Savar
49:08 Bodkin Arrow
52:00 Two-Man Saw
52:57 Padded Archer Armor
52:29 Light Cavalry
55:11 Caravan
58:03 Hussar
60:53 Crop Rotation
62:31 Heavy Camel Rider
65:06 Conscription
66:41 Leather Archer Armor
83:55 Kamandaran
Connection lost

Rejoining the realm…

Still unreachable

The connection could not be restored.

Session expired

The server has moved on; the page needs a fresh start.